 Dungeon Crawl Stone Soup version 0.27-a0-1139-g28e009f8a6 (webtiles) character file.

Game seed: 1739669597810968644

3097 siradein the Carver (level 9, -1/61 HPs)
             Began as a Demonspawn Gladiator on May 8, 2021.
             Was a Follower of Nemelex Xobeh.
             Slain by an orc warrior
             ... wielding a +0 glaive
              (6 damage)
             ... on level 7 of the Dungeon.
             The game lasted 00:19:52 (8029 turns).

siradein the Carver (Demonspawn Gladiator)          Turns: 8029, Time: 00:19:52

Health: -1/61      AC:  7    Str: 20    XL:     9   Next: 59%
Magic:  9/9        EV: 12    Int: 15    God:    Nemelex Xobeh [*.....]
Gold:   363        SH:  4    Dex: 19    Spells: 8/8 levels left

rFire    . . .     SeeInvis .   n - +2 falchion (freeze)
rCold    + . .     Faith    .   x - +0 buckler
rNeg     . . .     Spirit   .   r - +4 robe of Augmentation {Str+4 Int+4 Dex+4}
rPois    +         Reflect  .   c - +0 helmet
rElec    .         Harm     .   (no cloak)
rCorr    .         Rampage  .   (no gloves)
Will     .....                  (no boots)
Stlth    ++........             (no amulet)
HPRegen  0.20/turn              u - ring of poison resistance
MPRegen  0.11/turn              g - ring of protection from cold

@: no status effects
A: powered by death 3, powered by pain 1
a: Renounce Religion, Draw Escape, Draw Destruction, Draw Summoning


You were on level 7 of the Dungeon.
You worshipped Nemelex Xobeh.
Nemelex Xobeh was aware of your devotion.
You visited 2 branches of the dungeon, and saw 9 of its levels.
You also visited: Sewer.

You collected 363 gold pieces.

Inventory:

Hand Weapons
 n - a +2 falchion of freezing (weapon)
Missiles
 d - 3 throwing nets
 j - 23 poisoned darts (quivered)
 F - a curare-tipped dart
Armour
 c - a +0 helmet (worn)
 r - the +4 robe of Augmentation (worn) {Str+4 Int+4 Dex+4}
   (You found it on level 4 of the Dungeon)

   It affects your strength (+4).
   It affects your intelligence (+4).
   It affects your dexterity (+4).
 x - a +0 buckler (worn)
Jewellery
 g - a ring of protection from cold (right hand)
 t - a ring of magical power
 u - a ring of poison resistance (left hand)
Wands
 y - a wand of flame (34)
 E - a wand of paralysis (7)
Scrolls
 b - 5 scrolls of teleportation
 e - 4 scrolls of fear {unknown}
 i - a scroll of amnesia
 l - a scroll of blinking {unknown}
 m - 2 scrolls of fog
 z - a scroll of torment
 A - a scroll of enchant armour
 B - a scroll of identify
 D - a scroll of magic mapping {unknown}
 G - a scroll of silence
Potions
 a - 5 potions of might {unknown}
 f - a potion of flight {unknown}
 h - 4 potions of curing {unknown}
 k - a potion of resistance {unknown}
 o - 3 potions of attraction {unknown}
 p - 5 potions of heal wounds
 q - a potion of berserk rage {unknown}
 s - 2 potions of lignification {unknown}
 v - 2 potions of degeneration {unknown}
 w - a potion of cancellation {unknown}
 C - 2 potions of magic {unknown}


   Skills:
 - Level 2.0 Fighting
 + Level 12.3 Long Blades
 - Level 1.7 Throwing
 - Level 2.6 Dodging


You had 8 spell levels left.
You didn't know any spells.
Your spell library contained the following spells:

 Spells                   Type           Power      Damage    Failure   Level
 Animate Skeleton         Necr           0%         N/A       41%         1
 Corona                   Hex            0%         N/A       41%         1
 Pain                     Necr           0%         1d4       41%         1
 Ensorcelled Hibernation  Hex/Ice        0%         N/A       56%         2
 Confusing Touch          Hex            0%         N/A       80%         3
 Dazzling Flash           Conj/Hex       0%         N/A       80%         3
 Tukima's Dance           Hex            0%         N/A       80%         3
 Vampiric Draining        Necr           0%         2d6       80%         3
 Animate Dead             Necr           0%         N/A       99%         4
 Agony                    Necr           0%         N/A       100%        5


Dungeon Overview and Level Annotations

Branches:
Dungeon (8/15)             Temple (1/1) D:5           Sewer (visited)
   Lair: D:8-11

Altars:
Ashenzari
Cheibriados
Dithmenos
Elyvilon
Fedhas
Gozag
Hepliaklqana
Kikubaaqudgha
Makhleb
Nemelex Xobeh
Okawaru
Qazlal
Ru
Sif Muna
Trog
Vehumet
Wu Jian
Xom
Zin
The Shining One

Shops:
D:7 :!


Innate Abilities, Weirdness & Mutations

You regenerate a lot of health from kills.
You sometimes gain a little power by taking damage.


Message History

The two-headed ogre barely misses you.
Throw: 26 darts (poison)
Press: ? - help, Q - select action, (/) - cycle Shift-Dir - straight line, f/p - two-headed ogre
Aim: a two-headed ogre, wielding a +0 giant club and a +0 giant spiked club (heavily wounded, 76% to hit)
You throw a poisoned dart.
The poisoned dart hits the two-headed ogre.
The two-headed ogre is poisoned.
The two-headed ogre is heavily wounded.
The two-headed ogre barely misses you. You block the two-headed ogre's attack.
Throw: 25 darts (poison)
Press: ? - help, Q - select action, (/) - cycle Shift-Dir - straight line, f/p - two-headed ogre
Aim: a two-headed ogre, wielding a +0 giant club and a +0 giant spiked club (heavily wounded, poisoned, 76% to hit)
You throw a poisoned dart.
The poisoned dart hits the two-headed ogre.
The two-headed ogre looks even sicker.
The two-headed ogre is heavily wounded.
You see here a poisoned dart.
The two-headed ogre looks more healthy.
You closely miss the two-headed ogre.
The two-headed ogre is heavily wounded.
The two-headed ogre hits you with a +0 giant club!
The two-headed ogre hits you with a +0 giant spiked club!
Throw: 24 darts (poison)
Press: ? - help, Q - select action, (/) - cycle Shift-Dir - straight line, f/p - two-headed ogre
Aim: a two-headed ogre, wielding a +0 giant club and a +0 giant spiked club (heavily wounded, 76% to hit)
You throw a poisoned dart.
The poisoned dart barely misses the two-headed ogre.
The two-headed ogre closely misses you.
The two-headed ogre hits you with a +0 giant spiked club!
* * * LOW HITPOINT WARNING * * *
The two-headed ogre closely misses you. The two-headed ogre barely misses you.
You see here a poisoned dart.
The orc warrior shouts!
The orc shouts!
The orc warrior hits you with a +0 glaive!
* * * LOW HITPOINT WARNING * * *
Things that are here:
a +0 robe; a +0 dagger The orc warrior hits you with a +0 glaive.
You die...
Your body disappears without a glow.

#...[.... ##### #..†..... #...#
#..(.....
######...################........
.........'......y.o.....'........
######...################........
÷...........o....................
...........).....................
...............o@#...........####
################[#.#########.# #
#...........#O#.# #.####
####.#########O#.#.# #....#
..##.#########(#.#.# #....#
..#..............#.# #....#
..#..............#'#########.....
###...........................###
#...........................#


You could see a two-headed ogre, an orc warrior and an orc.

Vanquished Creatures
  Sigmund (D:2)
  2 water moccasins
  3 sky beasts (D:6)
  2 hornet zombies
  2 ogres
  A centaur (D:6)
  A phantom (D:4)
  A kobold brigand (D:6)
  4 bullfrogs
  2 scorpions (D:5)
  A jelly (D:7)
  A wyvern zombie (D:7)
  A water moccasin zombie (D:5)
  A water moccasin skeleton (D:5)
  5 killer bees
  3 howler monkeys (D:7)
  A bullfrog zombie (D:5)
  4 orc priests
  A bullfrog skeleton (D:6)
  6 hounds
  Terence (D:1)
  5 iguanas
  3 orc wizards
  3 hound skeletons (D:4)
  9 adders
  4 gnolls (D:4)
  5 river rats
  An ufetubus (D:3)
  3 worms
  2 dart slugs
  20 orcs
  2 bats (D:3)
  11 endoplasms
  2 giant cockroaches (D:1)
  3 goblins
  7 hobgoblins
  14 jackals
  5 quokkas
  19 ball pythons
  7 frilled lizards
  8 kobolds
  27 rats
204 creatures vanquished.

Vanquished Creatures (others)
  5 toadstools (D:2)
5 creatures vanquished.

Grand Total: 209 creatures vanquished

Notes
Turn   | Place    | Note
-------+----------+-------------------------------------------
     0 | D:1      | siradein the Demonspawn Gladiator began the quest for the
                  | Orb.
     0 | D:1      | Reached XP level 1. HP: 16/16 MP: 1/1
    21 | D:1      | Reached skill level 3 in Long Blades
    30 | D:1      | Gained mutation: You regenerate a little health from kills.
                  | [demonic ancestry]
    30 | D:1      | Reached XP level 2. HP: 18/22 MP: 2/2
   374 | D:1      | Found a faded altar of an unknown god.
   478 | D:1      | Reached XP level 3. HP: 26/27 MP: 3/3
   764 | D:2      | Noticed Sigmund
   774 | D:2      | Killed Sigmund
   775 | D:2      | Reached skill level 5 in Long Blades
   775 | D:2      | Reached XP level 4. HP: 26/33 MP: 4/4
   775 | D:2      | Gained mutation: You regenerate health from kills. [demonic
                  | ancestry]
   775 | D:2      | Reached XP level 5. HP: 30/38 MP: 5/5
   855 | D:2      | Noticed Terence
   990 | D:1      | Killed Terence
  1052 | D:2      | Reached skill level 6 in Long Blades
  1806 | D:3      | Reached XP level 6. HP: 26/44 MP: 6/6
  1930 | D:3      | HP: 1/44 [orc priest/nerve-wracking pain (11)]
  2709 | D:4      | Reached skill level 7 in Long Blades
  2815 | D:4      | Found the +4 robe of Augmentation {Str+4 Int+4 Dex+4}
  2904 | D:4      | Noticed a water moccasin
  2927 | D:4      | Reached XP level 7. HP: 50/50 MP: 7/7
  3529 | D:4      | Reached skill level 8 in Long Blades
  3883 | D:5      | Entered Level 5 of the Dungeon
  3938 | D:5      | Found an opulent altar of Gozag.
  4092 | D:5      | Gained mutation: You sometimes gain a little power by
                  | taking damage. [demonic ancestry]
  4092 | D:5      | Reached XP level 8. HP: 56/56 MP: 8/8
  4094 | D:5      | Reached skill level 9 in Long Blades
  4272 | D:5      | Found a staircase to the Ecumenical Temple.
  4292 | Temple   | Entered the Ecumenical Temple
  4299 | Temple   | Became a worshipper of Nemelex Xobeh the Trickster
  4317 | D:5      | Found an iron altar of Okawaru.
  4842 | D:6      | Reached skill level 10 in Long Blades
  4985 | D:6      | Found a glowing drain.
  4989 | Sewer    | Entered a sewer
  5178 | Sewer    | Reached * piety under Nemelex Xobeh
  5184 | Sewer    | Received a gift from Nemelex Xobeh
  5776 | D:6      | Reached skill level 11 in Long Blades
  5776 | D:6      | Gained mutation: You regenerate a lot of health from kills.
                  | [demonic ancestry]
  5776 | D:6      | Reached XP level 9. HP: 46/61 MP: 9/9
  7394 | D:6      | Reached skill level 12 in Long Blades
  7714 | D:7      | Found Xetiong's Distillery.
  7814 | D:7      | Found Diqionia's Book Shop.
  7876 | D:7      | Noticed a two-headed ogre
  8029 | D:7      | Slain by an orc warrior

Illustrated notes

Levels and vault maps discovered:
D:1:      saegor_arrival_simple_a, layout_rooms,
          hellmonk_ecumenical_altar_slurped_away
D:2:      layout_basic, minmay_gold_behind_fungi, uniq_sigmund, uniq_terence
D:3:      layout_rooms
D:4:      layout_basic
D:5:      layout_cave_pools, lemuel_coloured_pillars_altar,
          okawaru_metal_pillars_3, minmay_temple_entry_antechambers
D:6:      layout_basic, gup_sewer_entry_bowl
D:7:      layout_basic, serial_shops, shop, shop
D:8:      minmay_the_grid_plus_closed [minmay_the_grid_small_cups,
          minmay_the_grid_mess, minmay_the_grid_dragon_a,
          minmay_the_grid_all_tris,
          minmay_the_grid_prize_four_corners_diamond_b], layout_basic,
          lemuel_doored_altar, grunt_ministairs_14,
          hangedman_abyss_or_decor_passed, st_stairs_2
Temple:   nicolae_temple_no_exploring_needed

Skill      XL: |  1  2  3  4  5  6  7  8  9 |
---------------+----------------------------+-----
Long Blades    | 3 5 6 7 8 11 12 | 12.3
Fighting       | |  2.0
Throwing       | |  1.7
Dodging        | |  2.6

Action                   |  1- 3 |  4- 6 |  7- 9 || total
-------------------------+-------+-------+-------++-------
Melee: Long sword        |    65 |    88 |       ||   153
       Falchion          |       |    50 |   471 ||   521
Throw: Dart              |       |     3 |    13 ||    16
  Use: Scroll            |       |       |     8 ||     8
Armor: Leather armour    |    14 |     4 |       ||    18
       Scale mail        |       |    13 |       ||    13
       Ring mail         |       |    27 |       ||    27
       Robe              |       |     8 |   152 ||   160
Dodge: Dodged            |    44 |    93 |   308 ||   445
Block: Buckler           |       |       |    73 ||    73
       Rpst.: Long sword |    19 |    26 |       ||    45
       Falchion          |       |     7 |    91 ||    98

Table legend: (Time is in decaauts)
 A = Elapsed time spent in this place.
 B = Non-inter-level travel time spent in this place.
 C = Inter-level travel time spent in this place.
 D = Time resting spent in this place.
 E = Time spent auto-exploring this place.
 F = Levels seen in this place.
 G = Mean time per level.
                   A        B        C        D        E       F      G
               +--------+--------+--------+--------+--------+-----+--------+
         Total |   8069 |   7884 |    185 |   1532 |   4288 |  10 |  806.9 |
       Dungeon |   7664 |   7479 |    185 |   1532 |   4117 |   8 |  958.0 |
        Temple |     16 |     16 |      0 |      0 |      0 |   1 |   16.0 |
         Sewer |    388 |    388 |      0 |      0 |    170 |   1 |  388.0 |
               +--------+--------+--------+--------+--------+-----+--------+

Top non-repeatable levels by time:
     D:6: 1944 daAuts
     D:2: 1259 daAuts
     D:3: 1023 daAuts
     D:7: 914 daAuts
     D:1: 836 daAuts
     D:4: 784 daAuts
     D:5: 689 daAuts
   Sewer: 388 daAuts
     D:8: 212 daAuts
  Temple: 16 daAuts
